 Dungeon Crawl Stone Soup version 0.18.1-8-gdd0e5ea (webtiles) character file.

125792 rockintein the Executioner (level 16, -2/150 HPs)
             Began as a Minotaur Berserker on June 8, 2016.
             Was the Champion of Trog.
             Slain by a fire dragon (4 damage)
             ... on level 1 of the Depths.
             The game lasted 01:06:22 (28335 turns).

rockintein the Executioner (Minotaur Berserker)    Turns: 28335, Time: 01:06:23

Health: -2/150     AC: 26    Str: 32    XL:     16   Next: 42%
Magic:  25/25      EV:  6    Int:  9    God:    Trog [******]
Gold:   665        SH: 15    Dex: 12    Spells: 0 memorised, 15 levels left

rFire  x . .     SeeInvis .     j - +1 broad axe (flame)
rCold  + + .     Gourm    +     J - +8 ice dragon armour of the Komtur {rF- rC++ MR+}
rNeg   . . .     Faith    .     f - +1 shield
rPois  .         Spirit   .     l - +3 hat of Pondering {ponderous, MR+ MP+10 Int+5}
rElec  .         Dismiss  .     q - +2 cloak {+Inv}
rCorr  .         Reflect  .     s - +0 pair of gloves
SustAt .         Harm     .     (no boots)
MR     +++..                    C - amulet of the gourmand
Stlth  ..........               i - +3 ring of protection
                                O - +5 ring of strength

@: lethally poisoned (-2 -> -3), corroded, slow, extremely resistant to hostile
enchantments, extremely unstealthy
A: retaliatory headbutt, horns 2
a: Berserk, Trog's Hand, Brothers in Arms, Burn Spellbooks, Renounce Religion,
Evoke Invisibility


You were on level 1 of the Depths.
You worshipped Trog.
Trog was exalted by your worship.
You were full.

You visited 6 branches of the dungeon, and saw 28 of its levels.
You visited 1 bazaar.
You also visited: Labyrinth.

You collected 3043 gold pieces.
You spent 2378 gold pieces at shops.

Inventory:

Hand Weapons
 b - the +1 eveningstar "Brilliance" {holy, rN+ AC+5 Int+5}
   (You took it off a boggart on level 13 of the Dungeon)

   It has been blessed by the Shining One to cause great damage to the undead
   and demons.
   It affects your AC (+5).
   It affects your intelligence (+5).
   It protects you from negative energy.
 j - a +1 broad axe of flaming (weapon)
 v - a +4 antimagic broad axe
 X - a +0 broad axe
Armour
 f - a +1 shield (worn)
 l - the +3 hat of Pondering (worn) {ponderous, MR+ MP+10 Int+5}
   (You took it off Gastronok on level 1 of the Lair of Beasts)

   It affects your intelligence (+5).
   It affects your resistance to hostile enchantments.
   It affects your magic capacity (+10).
 m - a +0 large shield
 q - a +2 cloak of invisibility (worn)
 s - a +0 pair of gloves (worn)
 J - the +8 ice dragon armour of the Komtur (worn) {rF- rC++ MR+}
   (You bought it in a shop on level 2 of the Orcish Mines)

   It makes you vulnerable to fire.
   It greatly protects you from cold.
   It affects your resistance to hostile enchantments.
 K - a +0 plate armour
Jewellery
 i - a +3 ring of protection (right hand)
 C - an amulet of the gourmand (around neck)
 O - a +5 ring of strength (left hand)
Wands
 t - a wand of disintegration (20/24)
 H - a wand of teleportation (3/9)
Scrolls
 d - 18 scrolls of identify
 g - 6 scrolls of teleportation
 k - 4 scrolls of remove curse
 w - a scroll of recharging
 y - a scroll of fog
 z - 4 scrolls of magic mapping
 I - a scroll of blinking
Potions
 e - 5 potions of curing
 h - 4 potions of might
 o - 2 potions of haste
 r - 4 potions of flight
 B - 2 potions of resistance
 F - 2 potions of cancellation
 N - 2 potions of heal wounds
Books
 n - a book of Air

   Spells                             Type                      Level
   a - Shock                          Conjuration/Air              1
   b - Swiftness                      Charms/Air                   2
   c - Repel Missiles                 Charms/Air                   2
   d - Static Discharge               Conjuration/Air              3
   e - Lightning Bolt                 Conjuration/Air              5
   Trog disapproves of the use of such an item.
 u - a book of Geomancy

   Spells                             Type                      Level
   a - Sandblast                      Earth                        1
   b - Passwall                       Transmutation/Earth          2
   c - Stone Arrow                    Conjuration/Earth            3
   d - Petrify                        Transmutation/Earth          4
   e - Lee's Rapid Deconstruction     Earth                        5
   Trog disapproves of the use of such an item.
 D - a book of Battle

   Spells                             Type                      Level
   a - Infusion                       Charms                       1
   b - Shroud of Golubria             Charms/Translocation         2
   c - Song of Slaying                Charms                       2
   d - Spectral Weapon                Hexes/Charms                 3
   e - Regeneration                   Charms/Necromancy            3
   Trog disapproves of the use of such an item.
Comestibles
 a - 2 royal jellies
 c - 8 bread rations
 p - 2 beef jerkies
 x - 3 slices of pizza


   Skills:
 + Level 15.7 Fighting
 * Level 22.1 Axes
 + Level 15.5 Armour
 - Level 2.1 Dodging
 + Level 13.6 Shields


You had 15 spell levels left.
You didn't know any spells.

Dungeon Overview and Level Annotations

Branches:
Dungeon (15/15)            Temple (1/1) D:5            Lair (8/8) D:10
  Swamp (1/4) Lair:4        Snake (0/4) Lair:3        Slime (0/6) Lair:7
    Orc (2/2) D:11            Elf (0/3) Orc:2        Vaults (0/5) D:13
 Depths (1/5) D:15

Altars:
Ashenzari
Cheibriados
Dithmenos
Elyvilon
Fedhas
Gozag
Kikubaaqudgha
Makhleb
Nemelex Xobeh
Okawaru
Pakellas
Qazlal
Ru
Sif Muna
Trog
Vehumet
Xom
Yredelemnul
The Shining One
Jiyva

Shops:
D:5 !   D:13 %   Orc:1 *%?   Orc:2 =*[(

Portals:
Trove: D:15 (give 2 scrolls of acquirement)

Annotations:
D:5 exclusion: statue


Innate Abilities, Weirdness & Mutations

You reflexively headbutt those who attack you in melee.
You have a pair of horns on your head.


Message History

The yaktaur shoots a bolt.
You block the bolt.
The yaktaur shoots a bolt.
The bolt hits you!
You barely miss the ogre mage. Your headbutt misses the ogre mage.
The ogre mage is almost dead.
You hit the fire dragon.
The fire dragon is lightly wounded.
The yaktaur shoots a bolt.
The bolt hits you! The fire dragon breathes flames at you.
The blast of flame hits you! The fire burns you terribly!
* * * LOW HITPOINT WARNING * * *
You block the ogre mage's attack.
You hear a shout!
You feel sick.
The yaktaur shoots a bolt.
You block the bolt.
The yaktaur shoots a bolt.
The bolt hits you.
* * * LOW HITPOINT WARNING * * *
The fire dragon bites you.
* * * LOW HITPOINT WARNING * * *
The fire dragon claws you but does no damage.
The fire dragon tramples you.
You die...

.# ##....## #.
..###......##..
...#...........
...............
...............
#.............
#..≈DO)(....#
#.c†@.≈..?#
#.≈.(†≈...#
#.cD.†.§....#
#..cc.........
...............
...............
...#...........
..###......##..
.# ##....## #.


You could see a fire dragon, an ice dragon, an ogre mage and 4 yaktaurs.

Vanquished Creatures
  Rupert (Lair:4)
  Gastronok (Lair:1)
  An orc warlord (Orc:1)
  A stone giant (Orc:2)
  A salamander stormcaller (D:13)
  A minotaur (Lab)
  An ettin (Depths:1)
  An entropy weaver (Depths:1)
  9 hydras
  A fire dragon (Lair:8)
  Fannar (D:12)
  2 catoblepae
  The ghost of ReniFell the Eclecticist, a journeyman DECj of Vehumet (D:11)
  An ogre mage (D:15)
  5 centaur warriors
  9 death yaks
  An alligator (Swamp:1)
  Urug (Lair:4)
  A deep troll earth mage (Depths:1)
  4 orc high priests (Orc:2)
  A deep elf knight (D:13)
  An unseen horror (shapeshifter) (D:11)
  5 skeletal warriors
  5 unseen horrors
  A giant orange brain (Depths:1)
  A flayed ghost (D:15)
  A swamp dragon (Swamp:1)
  8 hill giants
  A necromancer (D:15)
  3 ugly things
  5 orc sorcerers
  A deep elf mage (D:15)
  A wizard (D:15)
  A hornet (shapeshifter) (D:13)
  A frost giant zombie (D:15)
  9 orc knights
  4 cyclopes
  2 manticores
  A griffon (Lair:6)
  The ghost of M4edhros the Covert, a novice OpAr of Fedhas (D:7)
  Maurice (D:8)
  A fire giant skeleton (D:15)
  2 centaur zombies (D:14)
  Psyche (D:12)
  15 elephants
  6 black mambas
  2 gargoyles
  19 spiny frogs
  3 komodo dragons
  6 rime drakes
  2 tengu conjurers (Depths:1)
  A jumping spider (shapeshifter) (Depths:1)
  A queen bee (Lair:1)
  4 trolls
  8 polar bears (Lair:8)
  3 two-headed ogres
  2 raiju (Lair:8)
  15 slime creatures
  12 blink frogs
  A deep troll zombie (D:15)
  4 wraiths
  6 wyverns
  A vampire (D:14)
  3 water elementals (D:13)
  3 shadows
  An elf skeleton (D:15)
  Eustachio (D:5)
  3 steam dragons
  Grum (D:8)
  A human (D:8)
  49 yaks
  4 basilisks
  6 hungry ghosts
  A hog (D:8)
  4 vampire mosquitoes (Swamp:1)
  6 hippogriffs
  10 wargs
  3 mottled dragons
  Edmund (D:4)
  3 nagas (Lair:3)
  6 swamp worms (Lair:4)
  14 water moccasins
  12 porcupines
  8 hell hounds (Lair:8)
  7 ice beasts
  A necrophage (D:10)
  35 orc warriors
  3 swamp drakes
  A sky beast (D:10)
  18 black bears
  13 ogres
  3 wasps
  2 phantoms
  A boggart (D:13)
  26 wolves
  18 centaurs
  14 crocodiles
  23 big kobolds
  25 giant frogs
  A wyvern zombie (D:8)
  A gnoll sergeant (D:7)
  2 scorpions
  A water moccasin zombie (D:6)
  39 killer bees
  5 wights (D:11)
  12 electric eels
  9 howler monkeys
  12 crimson imps
  A wasp zombie (D:9)
  8 jellies
  18 hounds
  A quasit (D:11)
  Crazy Yiuf (D:6)
  20 orc priests
  6 centaur skeletons
  5 giant frog skeletons
  18 iguanas
  41 orc wizards
  9 worker ants
  11 sheep
  Robin (D:3)
  A worker ant zombie (D:6)
  13 gnolls
  12 adders
  26 river rats
  8 shadow imps
  An ooze (D:3)
  2 adder zombies
  3 worms
  2 dart slugs (D:2)
  3 giant geckos
  84 orcs
  9 bats
  6 giant cockroaches
  19 goblins
  9 hobgoblins
  17 jackals
  4 quokkas
  A ball python (D:2)
  A ball python zombie (D:5)
  8 giant newts
  35 kobolds
  A quokka skeleton (D:2)
  4 rats (D:3)
  A butterfly (Lair:6)
  10 fungi
  15 plants
1060 creatures vanquished.

Vanquished Creatures (others)
  A lightning spire (D:6)
  3 bushes (D:6)
  A fulminant prism (D:11)
  18 fungi
  21 plants
44 creatures vanquished.

Grand Total: 1104 creatures vanquished

Notes
Turn   | Place    | Note
--------------------------------------------------------------
     0 | D:1      | rockintein the Minotaur Berserker began the quest for the Orb.
     0 | D:1      | Reached XP level 1. HP: 19/19 MP: 0/0
    58 | D:1      | Reached skill level 4 in Axes
   270 | D:1      | Reached XP level 2. HP: 15/26 MP: 1/1
   937 | D:2      | Reached skill level 5 in Axes
   946 | D:2      | Reached XP level 3. HP: 27/31 MP: 2/2
  1271 | D:2      | Found a bloodstained altar of Trog.
  1421 | D:2      | Reached ** piety under Trog
  1517 | D:2      | Reached XP level 4. HP: 36/39 MP: 3/3
  1532 | D:2      | Reached skill level 6 in Axes
  1643 | D:2      | Found a sacrificial altar of Ru.
  2052 | D:3      | Noticed Robin
  2074 | D:3      | Killed Robin
  2074 | D:3      | Reached *** piety under Trog
  2286 | D:3      | Reached XP level 5. HP: 45/45 MP: 4/4
  2316 | D:3      | Reached skill level 7 in Axes
  2672 | D:3      | Reached skill level 8 in Axes
  2672 | D:3      | Reached XP level 6. HP: 51/51 MP: 5/5
  3013 | D:4      | Reached skill level 9 in Axes
  3165 | D:4      | Reached **** piety under Trog
  3182 | D:4      | Received a gift from Trog
  3303 | D:4      | Noticed Edmund
  3313 | D:4      | Killed Edmund
  3313 | D:4      | Reached skill level 10 in Axes
  3313 | D:4      | Reached XP level 7. HP: 57/57 MP: 6/6
  3533 | D:4      | Found an iron altar of Okawaru.
  3817 | D:5      | Entered Level 5 of the Dungeon
  3831 | D:5      | Found a staircase to the Ecumenical Temple.
  3845 | D:5      | Noticed Eustachio
  3888 | D:5      | Killed Eustachio
  4015 | D:5      | Found a white marble altar of Elyvilon.
  4116 | D:5      | Reached skill level 11 in Axes
  4116 | D:5      | Reached XP level 8. HP: 41/66 MP: 7/7
  4282 | D:5      | Found a radiant altar of Vehumet.
  4333 | D:5      | Found Zyneciosm's Distillery.
  4341 | D:5      | Bought a potion of flight for 33 gold pieces
  4464 | D:5      | Found a shimmering altar of Xom.
  4912 | D:6      | Found an oddly glowing altar of Pakellas.
  4913 | D:6      | Noticed a manticore
  5133 | D:6      | Reached skill level 5 in Fighting
  5500 | D:6      | Found a glowing golden altar of the Shining One.
  5746 | D:6      | Noticed Crazy Yiuf
  5758 | D:6      | Killed Crazy Yiuf
  5846 | D:7      | Reached skill level 12 in Axes
  5846 | D:7      | Reached skill level 5 in Armour
  6072 | D:7      | Found a sparkling altar of Nemelex Xobeh.
  6230 | D:7      | Reached XP level 9. HP: 65/75 MP: 8/8
  6561 | D:7      | Noticed M4edhros's ghost (novice OpAr)
  6568 | D:7      | Killed M4edhros's ghost
  6685 | D:7      | Reached skill level 13 in Axes
  6821 | D:8      | Noticed Maurice
  6864 | D:8      | Killed Maurice
  7077 | D:8      | Found a bloodstained altar of Trog.
  7127 | D:8      | Found a blossoming altar of Fedhas.
  7128 | D:8      | Found an ancient bone altar of Kikubaaqudgha.
  7196 | D:8      | Reached XP level 10. HP: 85/88 MP: 9/9
  7198 | D:8      | Found a deep blue altar of Sif Muna.
  7290 | D:8      | Noticed Grum
  7296 | D:8      | Reached skill level 14 in Axes
  7304 | D:8      | Killed Grum
  7585 | D:8      | Found a stormy altar of Qazlal.
  7585 | D:8      | Found a shadowy altar of Dithmenos.
  7612 | D:8      | Found a snail-covered altar of Cheibriados.
  7689 | D:9      | Reached ***** piety under Trog
  7758 | D:9      | Found an opulent altar of Gozag.
  8182 | D:9      | Reached skill level 15 in Axes
  8389 | D:10     | Entered Level 10 of the Dungeon
  8389 | D:10     | Found a staircase to the Lair.
  8449 | D:10     | Noticed a hill giant
  8460 | D:10     | Killed a hill giant
  8460 | D:10     | Reached skill level 1 in Shields
  8681 | D:10     | Noticed a hill giant
  8692 | D:10     | Killed a hill giant
  8692 | D:10     | Reached XP level 11. HP: 65/97 MP: 10/10
  9118 | D:10     | Killed an unseen horror
  9150 | D:10     | Found a blossoming altar of Fedhas.
  9296 | D:11     | Killed an unseen horror
  9373 | D:11     | Found a flickering gateway to a bazaar.
  9400 | Bazaar   | Entered a bazaar
  9400 | Bazaar   | Found Dasihy's Antique Weapon Shoppe.
  9400 | Bazaar   | Found Owkeb's Book Shoppe.
  9400 | Bazaar   | Found Noryor's Weapon Shop.
  9402 | Bazaar   | Found Gesytag's Distillery.
  9448 | Bazaar   | Bought a potion of mutation for 17 gold pieces
  9462 | Bazaar   | Bought a potion of agility for 28 gold pieces
  9537 | D:11     | Noticed a skeletal warrior
  9537 | D:11     | Noticed a skeletal warrior
  9539 | D:11     | Noticed a skeletal warrior
  9547 | D:11     | Killed a skeletal warrior
  9558 | D:11     | HP: 3/99 [skeletal warrior/long sword[a skeletal warrior] (6)]
  9749 | D:11     | Received a gift from Trog
  9756 | D:11     | Noticed a hill giant
  9763 | D:11     | Reached skill level 10 in Fighting
  9773 | D:11     | Reached skill level 16 in Axes
  9773 | D:11     | Reached skill level 10 in Armour
  9780 | D:11     | Killed a hill giant
  9911 | D:11     | Killed an unseen horror
 10135 | D:11     | Noticed a cyan ugly thing
 10141 | D:11     | Found a staircase to the Orcish Mines.
 10159 | D:11     | HP: 1/101 [cyan ugly thing (17)]
 10164 | D:11     | Killed a cyan ugly thing
 10164 | D:11     | Reached skill level 5 in Shields
 10206 | D:11     | Killed a skeletal warrior
 10414 | D:11     | Received a gift from Trog
 10559 | D:11     | Reached XP level 12. HP: 104/108 MP: 11/11
 10900 | D:11     | Noticed ReniFell's ghost (journeyman DECj)
 10906 | D:11     | Killed ReniFell's ghost
 11121 | D:12     | Noticed Psyche
 11125 | D:12     | Reached skill level 17 in Axes
 11126 | D:12     | Noticed Fannar
 11130 | D:12     | Killed Psyche
 11370 | D:12     | Received a gift from Trog
 11768 | D:12     | Killed Fannar
 12142 | Temple   | Entered the Ecumenical Temple
 12303 | Lair:1   | Entered Level 1 of the Lair of Beasts
 12540 | Lair:1   | Found a deep blue altar of Sif Muna.
 12568 | Lair:1   | Noticed Gastronok
 12578 | Lair:1   | Killed Gastronok
 12671 | Lair:1   | Reached skill level 18 in Axes
 12848 | Lair:1   | Noticed a five-headed hydra
 12856 | Lair:1   | Killed a one-headed hydra
 12856 | Lair:1   | Reached XP level 13. HP: 104/117 MP: 12/12
 13272 | Lair:2   | Received a gift from Trog
 14035 | Lair:3   | Found a staircase to the Snake Pit.
 14860 | Lair:3   | Got a brightly glowing morningstar
 14861 | Lair:3   | Identified the cursed +3 morningstar "Xuast" {venom, +Blink MR+} (You found it on level 3 of the Lair of Beasts)
 15007 | Lair:4   | Noticed Urug
 15014 | Lair:4   | Killed Urug
 15287 | Lair:4   | Received a gift from Trog
 15300 | Lair:4   | Noticed Rupert
 15312 | Lair:4   | Killed Rupert
 15436 | Lair:4   | Reached skill level 19 in Axes
 15442 | Lair:4   | Found a staircase to the Swamp.
 16205 | Lair:5   | Reached skill level 10 in Shields
 17049 | Lair:6   | Reached XP level 14. HP: 129/129 MP: 13/13
 17053 | Lair:6   | Received a gift from Trog
 18147 | Lair:7   | Found a viscous altar of Jiyva.
 18147 | Lair:7   | Found a staircase to the Slime Pits.
 18802 | Lair:8   | Entered Level 8 of the Lair of Beasts
 18819 | Lair:8   | Found a labyrinth entrance.
 18847 | Lab      | Entered a labyrinth
 19131 | Lab      | HP: 7/193 [minotaur's headbutt (16)]
 19321 | Lair:8   | Reached ****** piety under Trog
 19462 | Lair:8   | Received a gift from Trog
 19468 | Lair:8   | Reached skill level 20 in Axes
 20464 | Lair:8   | Received a gift from Trog
 21019 | Temple   | Identified a +5 rod of inaccuracy (14/14) (You found it on level 8 of the Lair of Beasts)
 21218 | D:13     | Found Bizumyhi's Food Shop.
 21290 | D:13     | Reached XP level 15. HP: 138/138 MP: 14/14
 21877 | D:13     | Found a runed door.
 22203 | D:13     | Found a gate to the Vaults.
 22767 | D:14     | Received a gift from Trog
 23157 | D:15     | Entered Level 15 of the Dungeon
 23157 | D:15     | Found a portal to a secret trove of treasure.
 23224 | D:15     | Reached skill level 21 in Axes
 23371 | D:15     | Found a staircase to the Depths.
 24390 | Orc:1    | Entered Level 1 of the Orcish Mines
 24419 | Orc:1    | Received a gift from Trog
 24419 | Orc:1    | Reached skill level 15 in Fighting
 24669 | Orc:1    | Found Afabez's General Store.
 24691 | Orc:1    | Found Ocliapsa's Magic Scroll Emporium.
 24703 | Orc:1    | Found Nub Udyl's Food Emporium.
 24719 | Orc:1    | Bought a scroll of blinking for 90 gold pieces
 24956 | Orc:2    | Entered Level 2 of the Orcish Mines
 25019 | Orc:2    | Found a staircase to the Elven Halls.
 25161 | Orc:2    | Reached skill level 15 in Armour
 25167 | Orc:2    | Received a gift from Trog
 25585 | Orc:2    | Noticed an orc warlord
 25658 | Orc:1    | Killed an orc warlord
 26313 | Orc:2    | Reached XP level 16. HP: 122/149 MP: 15/15
 26622 | Orc:2    | Found Yrritt's Antique Armour Emporium.
 26623 | Orc:2    | Found Lucowitu's Antique Weapon Emporium.
 26624 | Orc:2    | Found Wonubic's General Store.
 26624 | Orc:2    | Found Puilugapp's Jewellery Shoppe.
 26691 | Orc:2    | Bought a faintly humming ice dragon armour for 2210 gold pieces
 26701 | Orc:2    | Identified the +8 ice dragon armour of the Komtur {rF- rC++ MR+} (You bought it in a shop on level 2 of the Orcish Mines)
 27188 | Swamp:1  | Entered Level 1 of the Swamp
 27413 | Swamp:1  | Received a gift from Trog
 27705 | Swamp:1  | Reached skill level 22 in Axes
 27888 | D:13     | Paralysed by a hornet for 2 turns
 28311 | Depths:1 | Entered Level 1 of the Depths
 28335 | Depths:1 | HP: 4/150 [yaktaur/bolt (6)]
 28335 | Depths:1 | Slain by a fire dragon

Skill      XL: |  1  2  3  4  5  6  7  8  9 10 11 12 13 14 15 16 |
---------------+-------------------------------------------------+-----
Axes           | 4 5 6 8 10 11 12 13 15 16 18 19 20 21 22 | 22.1
Fighting       | 4 6 7 9 10 11 13 14 15 | 15.7
Armour         | 3 5 7 9 10 11 13 14 15 | 15.5
Shields        | 2 5 8 10 11 13 | 13.6
Dodging        | |  2.1

Action                   |  1- 3 |  4- 6 |  7- 9 | 10-12 | 13-15 | 16-18 || total
-------------------------+-------+-------+-------+-------+-------+-------++-------
Melee: Hand axe          |    81 |   191 |   280 |   399 |       |       ||   951
       Headbutt          |    11 |    27 |    55 |   153 |   371 |    58 ||   675
       Broad axe         |       |       |       |   294 |  1382 |   189 ||  1865
Invok: Berserk           |       |     4 |     3 |     6 |     4 |       ||    17
       Trog's Hand       |       |     3 |     8 |    12 |     7 |     2 ||    32
Evoke: Wand              |       |       |       |       |     4 |       ||     4
  Use: Scroll            |       |     6 |     7 |     5 |    11 |     3 ||    32
       Potion            |       |     5 |     1 |     7 |       |       ||    13
 Stab: Invisible         |       |       |       |     4 |       |       ||     4
  Eat: Chunk             |     2 |     9 |    16 |    24 |    64 |     4 ||   119
       Beef jerky        |       |       |     1 |     1 |     1 |       ||     3
       Pizza             |       |       |       |     2 |       |       ||     2
       Bread ration      |       |       |       |     1 |       |       ||     1
       Royal jelly       |       |       |       |       |     1 |       ||     1
Armor: Animal skin       |     3 |       |       |       |       |       ||     3
       Ring mail         |    43 |    43 |       |       |       |       ||    86
       Chain mail        |       |    33 |   193 |   139 |       |       ||   365
       Plate armour      |       |       |       |   229 |   516 |    24 ||   769
       Ice dragon armour |       |       |       |       |       |    65 ||    65
Dodge: Dodged            |    60 |    98 |   141 |   159 |   248 |    52 ||   758
Block: Shield            |       |       |       |   126 |   734 |   118 ||   978
